 Dungeon Crawl Stone Soup version 0.31-a0-198-g2ad674f65e (webtiles) character file.

Game seed: 7184894228242471434

58 qw the Shooter (level 3, 0/20 HPs)
             Began as a Deep Elf Hunter on June 25, 2023.
             Succumbed to their own poison gas
             ... on level 2 of the Dungeon.
             The game lasted 00:00:29 (960 turns).

qw the Shooter (Deep Elf Hunter)                     Turns: 960, Time: 00:00:29

Health: 0/20       AC:  3    Str: 14    XL:     3   Next: 75%
Magic:  5/5        EV: 12    Int: 13    God:
Gold:   69         SH:  0    Dex: 20    Spells: 2/2 levels left

rFire   . . .        Y - +2 shortbow
rCold   . . .        (shield currently unavailable)
rNeg    . . .        c - +0 leather armour
rPois   .            (no helmet)
rElec   .            (no cloak)
rCorr   .            (no gloves)
SInv    .            (no boots)
Will    .....        (no amulet)
Stlth   ++           d - +6 ring of strength
HPRegen 0.23/turn    (no ring)
MPRegen 0.09/turn

%: no passive effects
@: lethally poisoned (0 -> -2), weak-willed
A: no striking features
a: no special abilities


You were on level 2 of the Dungeon.
You visited 1 branch of the dungeon, and saw 2 of its levels.

You collected 69 gold pieces.


   Skills:
 - Level 1.5 Fighting
 + Level 7.2 Ranged Weapons
 - Level 2.4 Dodging
 - Level 1.2 Stealth


You had 2 spell levels left.
You didn't know any spells.
Your spell library was empty.

Inventory:

Hand Weapons
 Y - a +2 shortbow (weapon)
Armour
 c - a +0 leather armour (worn)
Jewellery
 d - a +6 ring of strength (left hand)
Scrolls
 a - a scroll of identify
Potions
 g - a potion of lignification {unknown}
 h - a potion of mutation {unknown}

Dungeon Overview and Level Annotations

Branches:
Dungeon (2/15)

Altars:


Message History

As you read the scroll labelled WOUPPI FEL XAR, it crumbles to dust.
Magic quickly surges around you.
It was a scroll of vulnerability.
Done exploring.
951 ||| READING scroll labelled FUPANA OMOLI.
The air fills with toxic fumes!
As you read the scroll labelled FUPANA OMOLI, it crumbles to dust.
It was a scroll of poison.
Done exploring.
(D) Dungeon
Where to? (* - list waypoints, Enter - D:2, ? - help)
What level of the Dungeon? (default 1, ? - help) Sorry, I don't know how to get there.
Enter note:
Enter note:
Enter note:
Enter note:
Enter note:
Enter note:
Enter note:
Enter note:
Enter note: Really walk into that cloud of poison gas?
You are engulfed in poison gas.
You are poisoned.
You feel very sick.
953 ||| Stepping ~*~*~tactically~*~*~ (cloud).
You feel very sick.
There is a lethal amount of poison in your body!
You feel sick.
There is a lethal amount of poison in your body!
You feel sick.
There is a lethal amount of poison in your body!
You feel sick.
There is a lethal amount of poison in your body!
You feel sick.
There is a lethal amount of poison in your body!
You feel sick.
There is a lethal amount of poison in your body!
You feel sick.
There is a lethal amount of poison in your body!
You die...

#....# #........... ####.####
#.|....##### .###....#
#......##### ..#####.#
####..........# #.## #.#
#.............# #..####.########
#.#...#.......#
##.##....¤0¤¤¤¤####00¤###.......#
#.##....¤¤00¤¤.00¤0¤#..........#
#............[#@.####...........
###.....0¤000¤000# ##..........#
##....¤00¤¤¤¤00###...........#
#....¤¤¤0¤0##00.............#
#....¤¤¤¤00###¤0##...........
#....0¤¤¤¤¤##.00¤......####..
#....0¤00¤.##.#¤0#.....# #..
####.#0#¤¤###.#.¤¤.....# #..
#..#.##.......#.....## #..


There were no monsters in sight!

Vanquished Creatures
  An adder (D:2)
  2 worms (D:2)
  2 dart slugs
  4 ball pythons
  3 bats (D:2)
  4 endoplasms
  A giant cockroach (D:1)
  7 hobgoblins
  2 jackals (D:2)
  A quokka (D:1)
  3 frilled lizards
  2 goblins
  4 kobolds
36 creatures vanquished.

Notes
Turn   | Place    | Note
-------+----------+-------------------------------------------
     0 | D:1      | qw the Deep Elf Hunter began the quest for the Orb.
     0 | D:1      | Reached XP level 1. HP: 12/12 MP: 3/3
     0 | D:1      | 0 ||| qw: Version: 0.3-a-22-g0ed2b0b
     0 | D:1      | 0 ||| qw: Game counter: 5088
     0 | D:1      | 0 ||| qw: Melee chars always use a shield: true
     0 | D:1      | 0 ||| qw: God list: Okawaru
     0 | D:1      | 0 ||| qw: Allow faded altars: false
     0 | D:1      | 0 ||| qw: Do Orc after clearing Dungeon:15 true
     0 | D:1      | 0 ||| qw: Do second Lair branch before Depths: true
     0 | D:1      | 0 ||| qw: Lair rune preference: random
     0 | D:1      | 0 ||| qw: Goals: Normal
     0 | D:1      | 0 ||| PLANNING D:1-11
   322 | D:1      | Found a faded altar of an unknown god.
   326 | D:1      | Reached skill level 6 in Ranged Weapons
   326 | D:1      | Reached XP level 2. HP: 16/16 MP: 4/4
   408 | D:1      | 408 ||| UPGRADING to +6 ring of strength.
   409 | D:1      | 409 ||| READING 2 scrolls labelled BOLACS JENKAP.
   410 | D:1      | 410 ||| READING scroll labelled FEKHUH IZIT.
   411 | D:1      | 411 ||| READING scroll labelled JACAZX MIPLAYT.
   412 | D:1      | 412 ||| DROPPING scroll of butterflies.
   426 | D:2      | Identified the +0 leather armour of Gaynyfus {Stlth+}
   451 | D:2      | HP: 4/16 [adder (1)]
   544 | D:2      | Reached XP level 3. HP: 20/20 MP: 5/5
   642 | D:2      | Reached skill level 7 in Ranged Weapons
   765 | D:2      | 765 ||| READING scroll of enchant weapon.
   765 | D:2      | 765 ||| ENCHANTING +1 shortbow.
   949 | D:2      | 949 ||| DROPPING +0 leather armour of Gaynyfus {Stlth+}.
   950 | D:2      | 950 ||| READING scroll labelled WOUPPI FEL XAR.
   951 | D:2      | 951 ||| READING scroll labelled FUPANA OMOLI.
   953 | D:2      | 953 ||| Stepping ~*~*~tactically~*~*~ (cloud).
   955 | D:2      | HP: 5/20 [poisoned by you (poison gas)]
   958 | D:2      | HP: 2/20 [poisoned by you (poison gas)]
   960 | D:2      | Succumbed to their own poison gas

Levels and vault maps discovered:
D:1:      nzn_arrival_settlement, layout_rooms,
          shapermc_ecumenical_altar_starsandcircs
D:2:      layout_rooms, minmay_misc_feat_nine_boxes

Skill      XL: |  1  2  3 |
---------------+----------+-----
Ranged Weapons | 6 7 |  7.2
Fighting       | |  1.5
Dodging        | |  2.4
Stealth        | |  1.2

Action                     || total
---------------------------++-------
   Fire: Shortbow          ||    96
    Use: Scroll            ||     6
 Armour: Leather armour    ||     9
  Dodge: Dodged            ||    18

Table legend:
 A = Non-vault XP
 B = Vault XP
 C = Vault XP percentage of total XP
 D = Non-vault monster count
 E = Vault monster count
 F = Vault count percentage of total count
                 A         B        C        D         E       F
            +---------+---------+-------+---------+---------+-------
      Total |      83 |       0 |   0.0 |      36 |       0 |   0.0
            +---------+---------+-------+---------+---------+-------
        D:1 |      22 |       0 |   0.0 |      12 |       0 |   0.0
        D:2 |      61 |       0 |   0.0 |      24 |       0 |   0.0
            +---------+---------+-------+---------+---------+-------
